cohdb
Replays
Latest Replays
All Replays
Popular Replays
Top Player Replays
Match Explorer
How It Works
Community
CoH3 Stats
Reddit
Sign in to upload your games and track your stats! →
Sign in with Steam
Match 43105134
Unlisted
Match 43105134
Overview
Messages
Build Orders
End
Kettenkrad Recon Vehicle
Construct Infanterie Kompanie
MG 42 Machine Gun Team
Selects Mechanized Battlegroup
Grenadier Squad
Grenadier Squad
Construct Luftwaffe Kompanie
Flak 30 Anti-aircraft Gun Team
Jäger Squad
Medical Bunker
Luftwaffe Officer Quarters
Jäger Squad
Selects Raid Package
Selects Mobile Repair Stations
Selects StuG Assault Group
StuG Assault Group
Infanterie Officer Quarters
Construct Panzer Kompanie
Selects UNKNOWN (2160084)
Selects UNKNOWN (2160084)
Selects Wespe Self-propelled Artillery
Panther Heavy Tank
Wespe Self-propelled Artillery
Panzer Officer Quarters
Side Skirts
SpoSadiK
Joe [S.P.Q.R]
Dark Angels
Goonsader
CptSteenkist
Fonzi
Diter Rams
TURBOMAN
0
0
Comments
sign in to comment!
No comments posted yet!